| TOP OF THE 1ST |
|
Hickory Crawdads batting - Pitching for Quad Cities River Bandits : RHP Manny Bonilla
|
|
Pitching: RHP Manny Bonilla
|
|
|
Batting: SHB Isaiah Cherry
|
0-0: Called Strike 0-1: Ball 1-1: Foul Ball, location: 2F 1-2: Ground out 6-3 (Groundball, 6, EV 91.2 MPH)
|
|
Batting: RHB Nick Solberg
|
0-0: Ground out 5-3 (Groundball, 56S, EV 76.9 MPH)
|
|
Batting: RHB Michel Martineau
|
0-0: Ball 1-0: Ball 2-0: Ball 3-0: Base on Balls
|
|
Batting: LHB Sadamu Noguchi
|
0-0: Called Strike Michel Martineau is caught stealing 2nd base 2-6
|
| Top of the 1st over - 0 runs, 0 hits, 0 errors, 0 left on base; Hickory 0 - Quad Cities 0 |
| BOTTOM OF THE 1ST |
|
Quad Cities River Bandits batting - Pitching for Hickory Crawdads : RHP Tse-peng Kuang
|
|
Pitching: RHP Tse-peng Kuang
|
|
|
Batting: RHB Xavier Castaneda
|
0-0: Called Strike 0-1: Ball 1-1: Ball 2-1: Foul Ball, location: 2F 2-2: Strikes out swinging
|
|
Batting: RHB Jorge Gutierrez
|
0-0: Foul Ball, location: 2F 0-1: Foul Ball, location: 2F 0-2: Ball 1-2: Foul Ball, location: 2F 1-2: Strikes out swinging
|
|
Batting: RHB Juan Mendoza
|
0-0: Ball 1-0: Ball 2-0: Called Strike 2-1: Ball 3-1: Called Strike 3-2: Base on Balls
|
|
Batting: LHB Josh Birkner
|
0-0: Foul Ball, location: 2F 0-1: Foul Ball, location: 2F 0-2: Foul Ball, location: 2F 0-2: Ball 1-2: SINGLE (Line Drive, 8RS, EV 105.0 MPH) Juan Mendoza to second
|
|
Batting: RHB Sean Mounts
|
0-0: Called Strike 0-1: Called Strike 0-2: Ball 1-2: Foul Ball, location: 2F 1-2: Foul Ball, location: 2F 1-2: Strikes out swinging
|
| Bottom of the 1st over - 0 runs, 1 hit, 0 errors, 2 left on base; Hickory 0 - Quad Cities 0 |
| TOP OF THE 2ND |
|
Hickory Crawdads batting - Pitching for Quad Cities River Bandits : RHP Manny Bonilla
|
|
Batting: LHB Sadamu Noguchi
|
0-0: Foul Ball, location: 2F 0-1: Ground out 6-3 (Groundball, 6, EV 101.9 MPH)
|
|
Batting: RHB Salvador Caldera
|
0-0: Foul Ball, location: 2F 0-1: Ball 1-1: Ball 2-1: DOUBLE (Line Drive, 89D, EV 109.4 MPH)
|
|
Batting: RHB Tom Beckman
|
0-0: Called Strike 0-1: Swinging Strike 0-2: Ball 1-2: Foul Ball, location: 2F 1-2: Strikes out swinging
|
|
Batting: RHB Chris Powell
|
0-0: Called Strike 0-1: Ball 1-1: Ball 2-1: Swinging Strike 2-2: Strikes out swinging, 2-3 out at first.
|
| Top of the 2nd over - 0 runs, 1 hit, 0 errors, 1 left on base; Hickory 0 - Quad Cities 0 |
| BOTTOM OF THE 2ND |
|
Quad Cities River Bandits batting - Pitching for Hickory Crawdads : RHP Tse-peng Kuang
|
|
Batting: RHB Jordan Williams
|
0-0: Called Strike 0-1: Swinging Strike 0-2: Ball 1-2: Foul Ball, location: 2F 1-2: Ball 2-2: Ball 3-2: Foul Ball, location: 2F 3-2: Base on Balls
|
|
Batting: RHB Bobby Dunn
|
0-0: Foul Ball, location: 2F 0-1: Foul Ball, location: 2F 0-2: Strikes out looking
|
|
Batting: RHB Kieron Clark
|
0-0: Fly out, F3 (Popup, 3S, EV 83.1 MPH)
|
|
Batting: SHB Salvador Gomez
|
0-0: Ball 1-0: Ball 2-0: Ball 3-0: Called Strike 3-1: Base on Balls Jordan Williams to second
|
|
Batting: RHB Xavier Castaneda
|
0-0: Swinging Strike 0-1: Ground out 5-3 (Groundball, 56, EV 90.0 MPH)
|
| Bottom of the 2nd over - 0 runs, 0 hits, 0 errors, 2 left on base; Hickory 0 - Quad Cities 0 |
| TOP OF THE 3RD |
|
Hickory Crawdads batting - Pitching for Quad Cities River Bandits : RHP Manny Bonilla
|
|
Batting: RHB Tim Adams
|
0-0: Ball 1-0: Ground out 4-3 (Groundball, 4MD, EV 82.5 MPH)
|
|
Batting: RHB Dave Brabo
|
0-0: Called Strike 0-1: Called Strike 0-2: Ball 1-2: Ball 2-2: SINGLE (Groundball, 56, EV 107.5 MPH)
|
|
Batting: SHB Isaiah Cherry
|
0-0: SINGLE (Groundball, 34D, EV 104.4 MPH) Dave Brabo to second
|
|
Batting: RHB Nick Solberg
|
0-0: Ball 1-0: Foul Ball, location: 2F 1-1: Called Strike 1-2: SINGLE (Line Drive, 78S, EV 91.2 MPH) Dave Brabo to third Isaiah Cherry to second Runner from 3rd tries for Home, SAFE, throw by LF to home
|
|
Batting: RHB Michel Martineau
|
0-0: Called Strike Isaiah Cherry steals 3rd, throwing error, E2 Isaiah Cherry scores Nick Solberg to third 0-1: Foul Ball, location: 2F 0-2: Ball 1-2: Ground out 3-1 (Groundball, 34S, EV 84.4 MPH) Nick Solberg scores
|
|
Batting: LHB Sadamu Noguchi
|
0-0: Ball 1-0: Ball 2-0: Ball 3-0: Base on Balls
|
|
Batting: RHB Salvador Caldera
|
Pickoff Throw to First - Error! E1 Sadamu Noguchi to second 0-0: Ball 1-0: Ball 2-0: Called Strike 2-1: Called Strike 2-2: Foul Ball, location: 2F 2-2: Ball 3-2: Foul Ball, location: 2F 3-2: Strikes out swinging
|
| Top of the 3rd over - 3 runs, 3 hits, 2 errors, 1 left on base; Hickory 3 - Quad Cities 0 |
| BOTTOM OF THE 3RD |
|
Quad Cities River Bandits batting - Pitching for Hickory Crawdads : RHP Tse-peng Kuang
|
|
Batting: RHB Jorge Gutierrez
|
0-0: Called Strike 0-1: Ball 1-1: DOUBLE (Groundball, 5L, EV 108.1 MPH)
|
|
Batting: RHB Juan Mendoza
|
0-0: Called Strike 0-1: Swinging Strike 0-2: Ball 1-2: Fly out, F6 (Popup, 6, EV 70.6 MPH)
|
|
Batting: LHB Josh Birkner
|
0-0: Ground out U3 (Groundball, 34, EV 79.4 MPH) Jorge Gutierrez to third
|
|
Batting: RHB Sean Mounts
|
0-0: Ball 1-0: Ball 2-0: Swinging Strike 2-1: SINGLE (Groundball, 56S, EV 65.0 MPH) (infield hit) Jorge Gutierrez scores
|
|
Batting: RHB Jordan Williams
|
0-0: Called Strike 0-1: Ball 1-1: Ball 2-1: Called Strike Sean Mounts steals 2nd base 2-2: Strikes out swinging
|
| Bottom of the 3rd over - 1 run, 2 hits, 0 errors, 1 left on base; Hickory 3 - Quad Cities 1 |
| TOP OF THE 4TH |
|
Hickory Crawdads batting - Pitching for Quad Cities River Bandits : RHP Manny Bonilla
|
|
Batting: RHB Tom Beckman
|
0-0: Ball 1-0: Swinging Strike 1-1: Ball 2-1: Foul Ball, location: 2F 2-2: Ball 3-2: Base on Balls
|
|
Batting: RHB Chris Powell
|
0-0: Swinging Strike 0-1: Ball 1-1: Swinging Strike 1-2: Foul Ball, location: 2F 1-2: Ball 2-2: Ball 3-2: Fly out, F8 (Flyball, 8RXD, EV 85.6 MPH)
|
|
Pitching: RHP Mike Koch
|
|
|
Batting: RHB Tim Adams
|
0-0: Ball Tom Beckman steals 2nd base 1-0: 2-RUN HOME RUN (Flyball, 8RXD, EV 110.0 MPH), Distance : 417 ft
|
|
Batting: RHB Dave Brabo
|
0-0: Ball 1-0: Swinging Strike 1-1: Swinging Strike 1-2: Fly out, F7 (Flyball, 7S, EV 93.1 MPH)
|
|
Batting: SHB Isaiah Cherry
|
0-0: Foul Ball, location: 2F 0-1: Ball 1-1: Foul Ball, location: 2F 1-2: Ground out 5-3 (Groundball, 56S, EV 83.1 MPH)
|
| Top of the 4th over - 2 runs, 1 hit, 0 errors, 0 left on base; Hickory 5 - Quad Cities 1 |
| BOTTOM OF THE 4TH |
|
Quad Cities River Bandits batting - Pitching for Hickory Crawdads : RHP Tse-peng Kuang
|
|
Batting: RHB Bobby Dunn
|
0-0: Called Strike 0-1: Swinging Strike 0-2: Foul Ball, location: 2F 0-2: Ball 1-2: Ground out 6-3 (Groundball, 6, EV 81.2 MPH)
|
|
Batting: RHB Kieron Clark
|
0-0: DOUBLE (Groundball, 5L, EV 95.6 MPH)
|
|
Batting: SHB Salvador Gomez
|
0-0: Ball 1-0: Ground out U3 (Groundball, 3L, EV 86.2 MPH) Kieron Clark to third
|
|
Batting: RHB Xavier Castaneda
|
0-0: Foul Ball, location: 2F 0-1: Foul Ball, location: 2F 0-2: Ball 1-2: Ground out 5-3 (Groundball, 56S, EV 86.9 MPH)
|
| Bottom of the 4th over - 0 runs, 1 hit, 0 errors, 1 left on base; Hickory 5 - Quad Cities 1 |
| TOP OF THE 5TH |
|
Hickory Crawdads batting - Pitching for Quad Cities River Bandits : RHP Mike Koch
|
|
Batting: RHB Nick Solberg
|
0-0: Ball 1-0: SINGLE (Groundball, 56D, EV 96.9 MPH)
|
|
Batting: RHB Michel Martineau
|
0-0: Called Strike 0-1: Ball 1-1: Ball Nick Solberg steals 2nd base 2-1: Foul Ball, location: 2F 2-2: Foul Ball, location: 2F 2-2: Foul Ball, location: 2F 2-2: Fly out, F8 (Flyball, 8RD, EV 101.9 MPH)
|
|
Batting: LHB Sadamu Noguchi
|
0-0: Ball 1-0: Ball 2-0: Ball Balk! Nick Solberg to third 3-0: Called Strike 3-1: Swinging Strike 3-2: 2-RUN HOME RUN (Flyball, 8RXD, EV 103.8 MPH), Distance : 426 ft
|
|
Batting: RHB Salvador Caldera
|
0-0: Called Strike 0-1: Ball 1-1: SINGLE (Groundball, 6M, EV 98.8 MPH)
|
|
Batting: RHB Tom Beckman
|
0-0: Ball 1-0: Fly out, F9 (Line Drive, 9LM, EV 98.1 MPH)
|
|
Batting: RHB Chris Powell
|
0-0: Ball 1-0: Foul Ball, location: 2F 1-1: Foul Ball, location: 2F 1-2: Fly out, F7 (Flyball, 7, EV 91.2 MPH)
|
| Top of the 5th over - 2 runs, 3 hits, 0 errors, 1 left on base; Hickory 7 - Quad Cities 1 |
| BOTTOM OF THE 5TH |
|
Quad Cities River Bandits batting - Pitching for Hickory Crawdads : RHP Tse-peng Kuang
|
|
Batting: RHB Jorge Gutierrez
|
0-0: Ball 1-0: Ball 2-0: Ball 3-0: Called Strike 3-1: Base on Balls
|
|
Batting: RHB Juan Mendoza
|
0-0: Foul Ball, location: 2F 0-1: Foul Ball, location: 2F 0-2: Foul Ball, location: 2F 0-2: Strikes out swinging
|
|
Batting: LHB Josh Birkner
|
0-0: SINGLE (Line Drive, 56D, EV 105.0 MPH) Jorge Gutierrez to second
|
|
Batting: RHB Sean Mounts
|
0-0: Swinging Strike 0-1: Fielders Choice at 2nd, 3-6 (Groundball, 3S, EV 78.8 MPH) Jorge Gutierrez to third
|
|
Batting: RHB Jordan Williams
|
0-0: 3-RUN HOME RUN (Flyball, 7D, EV 98.1 MPH), Distance : 390 ft
|
|
Batting: RHB Bobby Dunn
|
0-0: Called Strike 0-1: Foul Ball, location: 2F 0-2: Ball 1-2: Ground out 6-3 (Groundball, 6, EV 101.2 MPH)
|
| Bottom of the 5th over - 3 runs, 2 hits, 0 errors, 0 left on base; Hickory 7 - Quad Cities 4 |
| TOP OF THE 6TH |
|
Hickory Crawdads batting - Pitching for Quad Cities River Bandits : RHP Mike Koch
|
|
Batting: RHB Tim Adams
|
0-0: Foul Ball, location: 2F 0-1: Ball 1-1: Ground out 4-3 (Groundball, 4, EV 85.0 MPH)
|
|
Batting: RHB Dave Brabo
|
0-0: Called Strike 0-1: Ball 1-1: Ball 2-1: Fly out, F8 (Flyball, 78XD, EV 108.1 MPH)
|
|
Batting: SHB Isaiah Cherry
|
0-0: Ball 1-0: Ball 2-0: Called Strike 2-1: SINGLE (Groundball, 6MS, EV 71.9 MPH) (infield hit)
|
|
Batting: RHB Nick Solberg
|
0-0: Called Strike Isaiah Cherry steals 2nd base 0-1: Fly out, F9 (Flyball, 89S, EV 78.8 MPH)
|
| Top of the 6th over - 0 runs, 1 hit, 0 errors, 1 left on base; Hickory 7 - Quad Cities 4 |
| BOTTOM OF THE 6TH |
|
Quad Cities River Bandits batting - Pitching for Hickory Crawdads : RHP Tse-peng Kuang
|
|
Batting: RHB Kieron Clark
|
0-0: Called Strike 0-1: Called Strike 0-2: Ball 1-2: Ground out 6-3 (Groundball, 6, EV 84.4 MPH)
|
|
Batting: SHB Salvador Gomez
|
0-0: SINGLE (Groundball, 6M, EV 101.2 MPH)
|
|
Batting: RHB Xavier Castaneda
|
0-0: Called Strike 0-1: Ball 1-1: Foul Ball, location: 2F 1-2: SINGLE (Groundball, 6M, EV 105.0 MPH) (infield hit) Salvador Gomez to second
|
|
Batting: RHB Jorge Gutierrez
|
0-0: Called Strike 0-1: Ground out 3-1 (Groundball, 34S, EV 91.9 MPH) Salvador Gomez to third Xavier Castaneda to second
|
|
Batting: RHB Juan Mendoza
|
0-0: Ball 1-0: Ball 2-0: Called Strike 2-1: Foul Ball, location: 2F 2-2: Foul Ball, location: 2F 2-2: Foul Ball, location: 2F 2-2: Foul Ball, location: 2F 2-2: Strikes out swinging
|
| Bottom of the 6th over - 0 runs, 2 hits, 0 errors, 2 left on base; Hickory 7 - Quad Cities 4 |
| TOP OF THE 7TH |
|
Hickory Crawdads batting - Pitching for Quad Cities River Bandits : RHP Mike Koch
|
|
Batting: RHB Michel Martineau
|
0-0: Ball 1-0: Ball 2-0: Ball 3-0: Called Strike 3-1: Called Strike 3-2: Base on Balls
|
|
Batting: LHB Sadamu Noguchi
|
0-0: Called Strike 0-1: Foul Ball, location: 2F 0-2: 2-RUN HOME RUN (Flyball, 7LD, EV 96.2 MPH), Distance : 349 ft
|
|
Batting: RHB Salvador Caldera
|
0-0: Ball 1-0: Foul Ball, location: 2F 1-1: Ball 2-1: Ball 3-1: Base on Balls
|
|
Pitching: RHP Justin Olmstead
|
|
|
Batting: RHB Tom Beckman
|
0-0: Swinging Strike 0-1: Ball 1-1: Ball Salvador Caldera steals 2nd base (no throw) 2-1: Ball 3-1: Fly out, F7 (Flyball, 7LD, EV 96.9 MPH) Runner from 2nd tags up, SAFE at 3rd, no throw by LF
|
|
Batting: RHB Chris Powell
|
0-0: 2-RUN HOME RUN (Flyball, 78XD, EV 96.2 MPH), Distance : 398 ft
|
|
Batting: RHB Tim Adams
|
0-0: Ball 1-0: Called Strike 1-1: Ground out 5-3 (Groundball, 56, EV 100.6 MPH)
|
|
Batting: RHB Dave Brabo
|
0-0: Called Strike 0-1: Ball 1-1: Ball 2-1: Ground out 4-3 (Groundball, 4, EV 100.6 MPH)
|
| Top of the 7th over - 4 runs, 2 hits, 0 errors, 0 left on base; Hickory 11 - Quad Cities 4 |
| BOTTOM OF THE 7TH |
|
Quad Cities River Bandits batting - Pitching for Hickory Crawdads : RHP Tse-peng Kuang
|
|
Pitching: RHP Karel Heuvelink
|
|
|
Batting: LHB Josh Birkner
|
0-0: Called Strike 0-1: Foul Ball, location: 2F 0-2: Ball 1-2: Ball 2-2: Ball 3-2: Base on Balls
|
|
Batting: RHB Sean Mounts
|
0-0: Fielders Choice at 2nd, 6-4 (Groundball, 6, EV 102.5 MPH)
|
|
Batting: RHB Jordan Williams
|
0-0: Swinging Strike 0-1: Ball 1-1: Foul Ball, location: 2F 1-2: Strikes out looking
|
|
Batting: RHB Bobby Dunn
|
0-0: Swinging Strike 0-1: Ball 1-1: Foul Ball, location: 2F 1-2: Ball 2-2: Fielders Choice at 2nd, 6-4 (Groundball, 6, EV 86.2 MPH)
|
| Bottom of the 7th over - 0 runs, 0 hits, 0 errors, 1 left on base; Hickory 11 - Quad Cities 4 |
| TOP OF THE 8TH |
|
Hickory Crawdads batting - Pitching for Quad Cities River Bandits : RHP Justin Olmstead
|
|
Batting: SHB Isaiah Cherry
|
0-0: DOUBLE (Groundball, 3L, EV 100.0 MPH)
|
|
Batting: RHB Nick Solberg
|
0-0: Ball 1-0: Called Strike 1-1: Fly out, F8 (Flyball, 8LD, EV 96.9 MPH) Runner from 2nd tags up, OUT at 3rd! 8-5
|
|
Batting: RHB Michel Martineau
|
0-0: Ball 1-0: Ball 2-0: Foul Ball, location: 2F 2-1: Foul Ball, location: 2F 2-2: Foul Ball, location: 2F 2-2: Foul Ball, location: 2F 2-2: Ball 3-2: SINGLE (Groundball, 56S, EV 71.2 MPH) (infield hit)
|
|
Batting: LHB Sadamu Noguchi
|
0-0: Called Strike Michel Martineau steals 2nd base 0-1: Called Strike 0-2: Ball 1-2: Ball 2-2: Ball 3-2: Foul Ball, location: 2F 3-2: Base on Balls
|
|
Batting: RHB Salvador Caldera
|
0-0: Called Strike 0-1: Ball 1-1: Ball Michel Martineau steals 3rd, throwing error, E2 Michel Martineau scores Sadamu Noguchi to third 2-1: Called Strike 2-2: Foul Ball, location: 2F 2-2: Ground out 5-3 (Groundball, 5, EV 85.0 MPH)
|
| Top of the 8th over - 1 run, 2 hits, 1 error, 1 left on base; Hickory 12 - Quad Cities 4 |
| BOTTOM OF THE 8TH |
|
Quad Cities River Bandits batting - Pitching for Hickory Crawdads : RHP Karel Heuvelink
|
|
Batting: RHB Kieron Clark
|
0-0: Ball 1-0: Foul Ball, location: 2F 1-1: Ball 2-1: Foul Ball, location: 2F 2-2: Ball 3-2: Foul Ball, location: 2F 3-2: Ground out 6-3 (Groundball, 6, EV 104.4 MPH)
|
|
Batting: SHB Salvador Gomez
|
0-0: Called Strike 0-1: SINGLE (Line Drive, 4M, EV 105.0 MPH)
|
|
Batting: RHB Xavier Castaneda
|
0-0: Called Strike 0-1: Fly out, F8 (Flyball, 8RD, EV 83.1 MPH)
|
|
Batting: RHB Jorge Gutierrez
|
0-0: Ground out 4-3 (Groundball, 4, EV 83.1 MPH)
|
| Bottom of the 8th over - 0 runs, 1 hit, 0 errors, 1 left on base; Hickory 12 - Quad Cities 4 |
| TOP OF THE 9TH |
|
Hickory Crawdads batting - Pitching for Quad Cities River Bandits : RHP Justin Olmstead
|
|
Pinch Hitting: RHB David Fernandez
|
0-0: Ball 1-0: Ball 2-0: Ball 3-0: SOLO HOME RUN (Flyball, 7D, EV 103.1 MPH), Distance : 394 ft
|
|
Batting: RHB Chris Powell
|
0-0: Ball 1-0: Ball 2-0: Ball 3-0: Called Strike 3-1: Foul Ball, location: 2F 3-2: Foul Ball, location: 2F 3-2: Fly out, F8 (Flyball, 8RD, EV 96.2 MPH)
|
|
Batting: RHB Tim Adams
|
0-0: Ball 1-0: Fly out, F8 (Flyball, 8RD, EV 93.8 MPH)
|
|
Batting: RHB Dave Brabo
|
0-0: SINGLE (Line Drive, 89S, EV 100.6 MPH)
|
|
Batting: SHB Isaiah Cherry
|
0-0: Ball Dave Brabo steals 2nd base 1-0: Ball 2-0: Foul Ball, location: 2F 2-1: Ball 3-1: Foul Ball, location: 2F Balk! Dave Brabo to third 3-2: Foul Ball, location: 2F 3-2: 2-RUN HOME RUN (Flyball, 9D, EV 95.0 MPH), Distance : 362 ft
|
|
Pitching: RHP Evan Fry
|
|
|
Batting: RHB Nick Solberg
|
0-0: Ball 1-0: Ball 2-0: Ball 3-0: Called Strike 3-1: Foul Ball, location: 2F 3-2: Foul Ball, location: 2F 3-2: Fly out, F7 (Line Drive, 7D, EV 102.5 MPH)
|
| Top of the 9th over - 3 runs, 3 hits, 0 errors, 0 left on base; Hickory 15 - Quad Cities 4 |
| BOTTOM OF THE 9TH |
|
Quad Cities River Bandits batting - Pitching for Hickory Crawdads : RHP Karel Heuvelink
|
|
Now at 1B: David Fernandez
|
|
|
Batting: RHB Juan Mendoza
|
0-0: Ball 1-0: Called Strike 1-1: Ball 2-1: Ball 3-1: Base on Balls
|
|
Batting: LHB Josh Birkner
|
0-0: Ball 1-0: Called Strike 1-1: Ball 2-1: Ball 3-1: SINGLE (Line Drive, 89S, EV 84.4 MPH) Juan Mendoza to second
|
|
Batting: RHB Sean Mounts
|
0-0: SINGLE (Line Drive, 7S, EV 98.8 MPH) Juan Mendoza to third Josh Birkner to second
|
|
Batting: RHB Jordan Williams
|
0-0: Called Strike 0-1: Swinging Strike 0-2: Ball 1-2: Strikes out swinging
|
|
Batting: RHB Bobby Dunn
|
0-0: Ball 1-0: Ball 2-0: Foul Ball, location: 2F 2-1: Foul Ball, location: 2F 2-2: Ball 3-2: Ground out 6-3 (Groundball, 6S, EV 68.8 MPH) Juan Mendoza scores Josh Birkner to third Sean Mounts to second
|
|
Batting: RHB Kieron Clark
|
0-0: Ground out 6-3 (Groundball, 6, EV 83.1 MPH)
|
| Bottom of the 9th over - 1 run, 2 hits, 0 errors, 2 left on base; Hickory 15 - Quad Cities 5 |
|